[Event "*** Titled Tuesday Blitz"]
[Site "Chess.com"]
[Date "2020.11.03"]
[Round "9"]
[White "ShimanovAlex"]
[Black "Indianlad"]
[Result "1-0"]
[WhiteElo "2836"]
[BlackElo "2939"]
[TimeControl "180+1"]
[EndTime "11:50:09 PST"]
[Termination "ShimanovAlex won by resignation"]

1. d4 Nf6 2. Bg5 Ne4 3. Bf4 d5 4. e3 g6 5. Bd3 Bg7 6. Bxe4 dxe4 7. Nc3 f5 8. h4 h6 9. f3 exf3 10. Nxf3 O-O 11. Be5 Nd7 12. Bxg7 Kxg7 13. Qd3 c6 14. O-O-O Qa5 15. e4 Nf6 16. exf5 Bxf5 17. Qe2 Bg4 18. Qxe7+ Rf7 19. Qe5 Qxe5 20. Nxe5 Bxd1 21. Nxf7 Bxc2 22.
Nd6 Bd3 23. Nxb7 g5 24. hxg5 hxg5 25. Rd1 Bf5 26. Nd6 Be6 27. Re1 Bg4 28. Re7+ Kg6 29. Nc4 Rh8 30. Ne5+ Kf5 31. Rf7 Rh1+ 32. Kd2 Bh5 33.
Rf8 Ke6 34. Na4 Rh2 35. Nc5+ Ke7 36. Ra8 Rxg2+ 37. Kd3 Be2+ 38. Ke3 Nd5+ 39. Ke4 Nf6+ 40. Kf5 Bg4+ 41. Kg6 Nd5 42. Rxa7+ Ke8 43. Nxc6 Nf4+ 44. Kxg5 Ne6+ 45. Nxe6 Bxe6+ 46. Kf6 Bd5 47. Ne7 Rf2+ 48.
Ke5 Bc4 49. b3 Re2+ 50. Kd6 Bd3 51. Nd5 Rd2 52. Nf6+ Kf8 53. Nd7+ Kg8 54. Nf6+ Kf8 55. d5 Bb1 56. a4 Bc2 57. Rb7 Rf2 58. Nd7+ Kg8 59. a5 Be4 60. a6 1-0

[Event "*** Titled Tuesday Blitz"]
[Site "Chess.com"]
[Date "2020.11.03"]
[Round "9"]
[White "NiranjanNavalgund"]
[Black "ViktoriyaTarasova"]
[Result "1-0"]
[WhiteElo "2430"]
[BlackElo "2249"]
[TimeControl "180+1"]
[EndTime "11:50:09 PST"]
[Termination "NiranjanNavalgund won by resignation"]

1. d4 Nf6 2. c4 e6 3. Nc3 Bb4 4. e3 O-O 5. Bd2 d5 6. Nf3 b6 7. Rc1 Bb7 8. Ne5 Nbd7 9. cxd5 exd5 10. Bd3 c5 11. Qf3 Bxc3 12. Bxc3 Ne4 13. O-O Nxe5 14. dxe5 Nxc3 15. bxc3 Qe7 16. Qh3 g6 17. f4 Rad8 18. Rc2 d4 19. cxd4 cxd4 20. e4 Rc8 21. Rfc1 Rxc2 22. Rxc2 Qb4 23. Kf2 Rd8 24. f5 Qe7 25. Qg3 Re8 26. f6 Qe6 27. Qg5 Kh8 28. Qh6 Rg8 29.
Qf4 Qd7 30. h4 Bc8 31. Kg1 Qg4 32. Qxg4 Bxg4 33. Rc7 Be6 34. Rxa7 Rc8 35. Kf2 h5 36. Rb7 Rc3 37. Ke2 Ra3 38. Rxb6 Rxa2+ 39. Kf3 Ra3 40. Ke2 Ra2+ 41. Kf1 Ra1+ 42. Rb1 Rxb1+ 43. Bxb1 Bc4+ 44.
Kf2 Kg8 45. Bc2 Kf8 46. Ke1 Ke8 47. Kd2 Bf1 48. g3 Kd7 49. Bd3 Bg2 50. Bc4 Ke8 51. Kd3 Bf1+ 52. Kxd4 Bg2 53. Bd5 Bf3 54. Kc5 Kf8 55.
Kd6 Ke8 56. Bc6+ Kf8 57. e6 fxe6 58. Kxe6 Bg4+ 59. Kd6 Kf7 60. e5 Be6 61. Bd5 Bxd5 62. Kxd5 Kf8 63. Ke6 Ke8 64. f7+ 1-0

[Event "*** Titled Tuesday Blitz"]
[Site "Chess.com"]
[Date "2020.11.03"]
[Round "9"]
[White "WPWPWP-2015"]
[Black "penguingm1"]
[Result "1-0"]
[WhiteElo "2534"]
[BlackElo "2804"]
[TimeControl "180+1"]
[EndTime "11:50:11 PST"]
[Termination "WPWPWP-2015 won by checkmate"]

1. e4 b5 2. a4 Bb7 3. d3 bxa4 4. Nc3 a3 5. bxa3 g6 6. Rb1 Bc6 7. Bb2 Bg7 8. h4 Nf6 9. Be2 d6 10. h5 Nxh5 11. Bxh5 gxh5 12. Qxh5 Nd7 13. Nf3 h6 14. O-O e6 15. Ne2 Nf6 16. Qh4 O-O 17. Nf4 e5 18. Ne2 Re8 19. Ng3 Bd7 20. Bc1 Ng4 21. Qh5 Qf6 22.
Nh4 Kh7 23. Ngf5 Bxf5 24. exf5 Nxf2 25. Rxf2 Rab8 26. Rb4 Rxb4 27. axb4 e4 28. dxe4 Rxe4 29. Nf3 Rxb4 30. Be3 Re4 31. Bd4 Qe7 32. f6 Qe6 33.
fxg7 Kg8 34. Qh3 Qxh3 35. gxh3 a5 36. Kf1 a4 37. Re2 f5 38. Rxe4 fxe4 39. Nd2 c5 40. Bb2 d5 41. c4 e3 42. Nf3 d4 43. Ke2 Kxg7 44. Nxd4 cxd4 45. Bxd4+ Kg6 46. Kxe3 Kf5 47. Kd3 h5 48. Bb2 Kf4 49. c5 Kf5 50. Kc4 Ke6 51. Kb5 a3 52. Bxa3 Kf5 53. c6 Kg5 54. c7 Kf4 55. c8=Q Kg3 56. Bd6+ Kh4 57. Qd8+ Kxh3 58.
Be7 Kg2 59. Bh4 Kh2 60. Kc4 Kh1 61. Kd3 Kh2 62. Qg5 Kh1 63. Ke2 Kh2 64. Kf2 Kh3 65. Qg3# 1-0

[Event "*** Titled Tuesday Blitz"]
[Site "Chess.com"]
[Date "2020.11.03"]
[Round "9"]
[White "GoltsevDmitry2000"]
[Black "hansen"]
[Result "1-0"]
[WhiteElo "2686"]
[BlackElo "2913"]
[TimeControl "180+1"]
[EndTime "11:50:11 PST"]
[Termination "GoltsevDmitry2000 won on time"]

1. e4 c5 2. Nf3 e6 3. d4 cxd4 4. Nxd4 a6 5. Nc3 Qc7 6. Be2 Nf6 7. O-O Bb4 8. Qd3 Nc6 9. a3 Be7 10. Nxc6 dxc6 11. Be3 e5 12. f3 b5 13. Rad1 O-O 14.
Bf2 Be6 15. Qe3 c5 16. Rd2 c4 17. Rfd1 Rfc8 18. Qb6 Qxb6 19. Bxb6 h5 20. Kf2 h4 21. Be3 Rab8 22. Kf1 a5 23. Bg5 h3 24. Bxf6 hxg2+ 25. Kxg2 Bxf6 26. Nd5 Bg5 27. Bf1 Bxd2 28.
Ne7+ Kh7 29. Nxc8 c3 30. bxc3 Bxc3 31. Ne7 a4 32. Nc6 Rb6 33. Na7 b4 34. Nb5 Rxb5 35.
Bxb5 bxa3 36. Bxa4 a2 37. Kf2 Kh6 38. Ke3 Kg5 39.
Rg1+ Kh4 40. Kd3 a1=Q 41. Rxa1 Bxa1 42. c4 Bd4 43. f4 f6 44. f5 Bc8 45. Bc6 Kg4 46. Kc2 Ba6 47. Kb3 Bc5 48. Bd5 Kg5 49. Ka4 g6 50. fxg6 Kxg6 51. Ka5 Bc8 52. Kb5 Bg1 53.
Kc6 f5 54. exf5+ Kxf5 55. Kd6 Bxh2 56. Kc7 1-0

[Event "*** Titled Tuesday Blitz"]
[Site "Chess.com"]
[Date "2020.11.03"]
[Round "9"]
[White "Alindsay211"]
[Black "Sofiia_Hryzlova"]
[Result "0-1"]
[WhiteElo "2447"]
[BlackElo "2328"]
[TimeControl "180+1"]
[EndTime "11:50:11 PST"]
[Termination "Sofiia_Hryzlova won on time"]

1. c4 e6 2. Nc3 Nf6 3. d4 d5 4. e3 Nbd7 5. cxd5 exd5 6. Nge2 b6 7. Nf4 Bb7 8. g3 c6 9. Bg2 Bd6 10. O-O O-O 11. f3 Re8 12. e4 Bxf4 13. Bxf4 c5 14. e5 Nh5 15. Qd2 Nxf4 16. gxf4 Nf8 17. Kh1 Qh4 18. Ne2 Re6 19. Qe1 Qh5 20. Ng3 Qh4 21.
f5 Rh6 22. h3 Qxd4 23. Qe2 Re8 24. Rfe1 Nd7 25. Rad1 Qf4 26. e6 fxe6 27. fxe6 Rhxe6 28. Qf2 Nf6 29. Ne2 Qf5 30. Ng3 Qf4 31. Ne2 Qg5 32. f4 Qh5 33. Ng3 Qh4 34. f5 Rxe1+ 35. Rxe1 Rf8 36. Re7 Nh5 37. Kh2 Qxg3+ 38. Qxg3 Nxg3 39.
Rxb7 Nxf5 40. Bxd5+ Kh8 41. Rxa7 Nd4 42. Rb7 b5 43. b3 h6 44. Rc7 c4 45. bxc4 bxc4 46. Rxc4 Rf2+ 47. Kg3 Rd2 48. Kf4 Ne2+ 49. Ke3 Rb2 50.
Rc8+ Kh7 51. Be4+ g6 52. Rc7+ Kg8 53. Bxg6 Ng3 54. Kf4 Ne2+ 0-1

[Event "*** Titled Tuesday Blitz"]
[Site "Chess.com"]
[Date "2020.11.03"]
[Round "9"]
[White "GMG"]
[Black "Jospem"]
[Result "0-1"]
[WhiteElo "2708"]
[BlackElo "2985"]
[TimeControl "180+1"]
[EndTime "11:50:13 PST"]
[Termination "Jospem won on time"]

1. Nf3 c5 2. c4 Nc6 3. Nc3 g6 4.
e3 Bg7 5. d4 d6 6. d5 Nb4 7. Be2 Nf6 8. O-O O-O 9. a3 Na6 10.
Ne1 e5 11. Nd3 e4 12. Nf4 h5 13. Qc2 Bf5 14. Rb1 Nb8 15. b4 Nbd7 16. Bb2 b6 17. Rfd1 Ne5 18. Qb3 h4 19. g3 g5 20. Ng2 Nf3+ 21.
Bxf3 exf3 22. Ne1 Bxb1 23. Nxb1 Qd7 24. Nxf3 Qf5 25. Nbd2 h3 26. Bc3 Ne4 27. Bxg7 Kxg7 28. Qb1 Rae8 29. Rf1 Qf6 30. Qd3 g4 31. Ne1 Qc3 32.
Qxc3+ Nxc3 33. Nd3 Ne4 34. Nxe4 Rxe4 35. Rc1 Rc8 36.
b5 a6 37. a4 axb5 38. axb5 Ra8 39. Kf1 Ra4 40. Nb2 Ra2 41. Rc2 Ra1+ 42. Ke2 Rh1 43.
Nd3 Rxh2 44. Rc1 Rg2 45. Nf4 Rxc4 46. Rxc4 h2 47. Nxg2 h1=Q 48. Rxg4+ Kf8 49. Nf4 Qb1 50. Kf3 Qxb5 51. Rh4 Qb1 52. Rh8+ Ke7 53. Rb8 b5 54. Rb7+ Kf8 55. Rb8+ Kg7 56. Rd8 b4 57. Rxd6 Qd1+ 58.
Kg2 b3 59. Rb6 c4 60. d6 c3 61. d7 Qxd7 62. Rxb3 Qc6+ 0-1

[Event "*** Titled Tuesday Blitz"]
[Site "Chess.com"]
[Date "2020.11.03"]
[Round "9"]
[White "ChSalas"]
[Black "pedroholly22"]
[Result "1/2-1/2"]
[WhiteElo "2495"]
[BlackElo "2382"]
[TimeControl "180+1"]
[EndTime "11:50:16 PST"]
[Termination "Game drawn by repetition"]

1. d4 Nf6 2. Nf3 e6 3. Bg5 d5 4.
e3 Be7 5. Nbd2 O-O 6. Bd3 b6 7. Ne5 Bb7 8. O-O Ne4 9. Bxe7 Qxe7 10. f3 Nxd2 11. Qxd2 Nd7 12. f4 f5 13. Nxd7 Qxd7 14.
c3 Rac8 15. Rf3 Rf6 16. Rh3 c5 17. g4 b5 18. g5 Rff8 19. Qe2 c4 20. Bc2 g6 21. Rh6 a5 22. h4 Qg7 23. h5 Kf7 24. Kf2 Ke7 25. Rh1 Rf7 26. Qe1 Bc6 27. Ke2 Kd6 28.
Rh4 Rb8 29. a3 b4 30. axb4 axb4 31. cxb4 Rfb7 32. hxg6 hxg6 33. Qc3 Rxb4 34. Rh7 Qf8 35. Rh8 Qe7 36. R4h7 Rxb2 37. Rxe7 Rxc2+ 38. Qxc2 Rxh8 39. Ra7 Rh2+ 40. Kd1 Rh1+ 41. Kd2 Rh2+ 42. Kc3 Rxc2+ 43.
Kxc2 Bb5 44. Kc3 Be8 45. Kb4 Bd7 46. Ra8 Ke7 47. Kc5 Be8 48. Ra3 Bd7 49. Kb6 Kd6 50.
Rc3 Ba4 51. Ka5 Bb3 52. Kb4 Kc6 53. Rc1 Kd7 54. Rh1 Ke7 55. Rh7+ Kf8 56. Rh6 Kg7 57. Rh2 Bd1 58. Kc3 Bb3 59. Rb2 Kf7 60. Rb1 Ke7 61.
Ra1 Ke8 62. Ra7 Kf8 63. Kb4 Kg8 64. Rc7 Kf8 65. Rc5 Ke7 66. Kb5 Kd6 67. Kb6 Kd7 68. Rc7+ Kd6 69. Rc6+ Kd7 70. Rc5 Kd6 71. Ka5 Kd7 72.
Kb4 Kd6 73. Kc3 Kd7 74. Ra5 Ke8 75. Ra7 Kf8 76. Kb4 Ke8 77. Kc3 1/2-1/2

[Event "*** Titled Tuesday Blitz"]
[Site "Chess.com"]
[Date "2020.11.03"]
[Round "9"]
[White "Michaelson_11"]
[Black "Akhayan"]
[Result "0-1"]
[WhiteElo "2140"]
[BlackElo "2260"]
[TimeControl "180+1"]
[EndTime "11:50:16 PST"]
[Termination "Akhayan won by resignation"]

1. e4 e6 2. d4 d5 3. Nc3 Nf6 4. e5 Nfd7 5. f4 c5 6. Nf3 Nc6 7. Be3 Qb6 8. Na4 Qa5+ 9. c3 cxd4 10. b4 Nxb4 11. cxb4 Bxb4+ 12. Bd2 Bxd2+ 13. Nxd2 b6 14. Bd3 Ba6 15. Nb2 Nc5 16. Bxa6 Qxa6 17. Qe2 Qa3 18.
Qb5+ Ke7 19. O-O Qe3+ 20. Rf2 Rhc8 21. Nd1 Qd3 22. Qxd3 Nxd3 23. Rf3 Ne1 24. Rg3 g6 25. Kf2 Nc2 26. Rb1 Rc6 27. Rd3 Rac8 28. Nb3 h5 29. Rb2 Nb4 30. Rxd4 Rc2+ 31. Rxc2 Rxc2+ 32. Rd2 Rxd2+ 33. Nxd2 Nxa2 34. Nb2 Nc3 35. Ke3 Kd7 36. g3 Nb5 37.
Nb3 a5 38. Nd4 Nc3 39. Kd3 Ne4 40. Na4 Nc5+ 41. Nxc5+ bxc5 42. Nb3 Kc6 43. Nxa5+ Kb5 44. Nb7 Kb4 45. Nd6 Ka3 46. Nxf7 Kb3 47. Nd8 c4+ 48. Kd2 Kb2 49. Nxe6 c3+ 50. Kd3 c2 51. Kd4 c1=Q 52.
Kxd5 Qd2+ 53. Nd4 Qxh2 54. e6 Qg2+ 55. Kd6 Qxg3 56. e7 Qxf4+ 57. Kc6 Qe4+ 58. Kc7 Qxe7+ 0-1

[Event "*** Titled Tuesday Blitz"]
[Site "Chess.com"]
[Date "2020.11.03"]
[Round "9"]
[White "QuintilianoR"]
[Black "fcliverpul"]
[Result "0-1"]
[WhiteElo "2616"]
[BlackElo "2419"]
[TimeControl "180+1"]
[EndTime "11:50:19 PST"]
[Termination "fcliverpul won by resignation"]

1. Nf3 d5 2. e3 Nf6 3. c4 c6 4.
Nc3 e6 5. d4 Nbd7 6. Qc2 Bd6 7.
b3 O-O 8. Be2 Qe7 9. O-O b6 10.
Bb2 Bb7 11. Rad1 Rfe8 12. Rfe1 Rad8 13. Bf1 c5 14. cxd5 exd5 15. g3 h6 16. Bg2 Rc8 17. Qb1 a6 18. dxc5 bxc5 19. Nh4 Qe6 20. Ne2 Rcd8 21. Nf5 Be5 22. Nf4 Bxf4 23. exf4 Qb6 24.
Rxe8+ Rxe8 25. Ne3 d4 26. Nc4 Qc7 27. Bxb7 Qxb7 28. Nd6 Qf3 29. Nxe8 Nxe8 30. Re1 Nef6 31. Qd1 Qd5 32. Qd3 a5 33. h3 a4 34. Rc1 axb3 35.
axb3 h5 36. Kh2 h4 37. g4 Qd6 38. Qf3 Nd5 39. Re1 Nxf4 40. Re8+ Kh7 41. Kg1 Nf6 42. Re1 g6 43. Bc1 N6d5 44. Re4 g5 45. Re8 Kg7 46. Qe4 Nc3 47. Qe5+ Qxe5 48. Rxe5 Nce2+ 49. Kh2 Nxc1 50. Rxg5+ Kf8 51. Rxc5 Nxb3 52. Rf5 Ne2 53. Kg2 d3 54. Rd5 d2 55. Kf3 Nc3 56. Rd3 d1=Q+ 57. Rxd1 Nxd1 58. g5 Nc3 59. Kg4 Nd5 60. f4 Nd4 61.
f5 Ne3+ 62. Kxh4 Nexf5+ 63. Kg4 Kg7 64. h4 Nxh4 65. Kxh4 Kg6 66. Kg4 Ne6 0-1

[Event "*** Titled Tuesday Blitz"]
[Site "Chess.com"]
[Date "2020.11.03"]
[Round "9"]
[White "Tactictic"]
[Black "korbul"]
[Result "1-0"]
[WhiteElo "2417"]
[BlackElo "2525"]
[TimeControl "180+1"]
[EndTime "11:50:19 PST"]
[Termination "Tactictic won by checkmate"]

1. e4 c5 2. Nf3 e6 3. d4 cxd4 4. Nxd4 Nf6 5. Nc3 d6 6. Bg5 Be7 7. Qd2 a6 8. O-O-O O-O 9. f4 Qc7 10. Bxf6 Bxf6 11. f5 Nc6 12. Nf3 Qa5 13. e5 Nxe5 14.
fxe6 Bxe6 15. Nd4 Bg5 16. Qxg5 Nd3+ 17. Bxd3 Qxg5+ 18. Kb1 Rac8 19. Ne4 Qe5 20. Nf3 Qa5 21.
b3 Rfd8 22. Rhe1 h6 23. Nd4 Qh5 24. h3 d5 25. Nf2 Re8 26. Nf3 d4 27. Re5 f5 28.
Nxd4 Bd7 29. Rd5 Qh4 30. Rxd7 Qxf2 31. Nxf5 Re1 32. Ne7+ Rxe7 33. Rxe7 Qxg2 34. Bc4+ Kh8 35. Rdd7 b5 36. Bd3 b4 37. Ra7 Rf8 38. Rxa6 Qg1+ 39. Kb2 Qd4+ 40. Kc1 Qf4+ 41. Kd1 Qg5 42. Re1 Qh5+ 43. Kc1 Qxh3 44. Rae6 Qg3 45. Kb2 Qf4 46.
a4 bxa3+ 47. Kxa3 h5 48. R1e5 g6 49. Bxg6 Kg7 50. Bd3 Ra8+ 51. Kb2 Qd4+ 52. Kc1 Ra1+ 53. Kd2 Qf4+ 54. Kc3 Rg1 55. Re7+ Kg8 56. Re8+ Kf7 57. R5e7+ Kf6 58. Rf8+ Kxe7 59. Rxf4 h4 60. Rxh4 Rg3 61.
Rd4 Ke6 62. b4 Ke5 63. Kc4 Rg1 64. c3 Rb1 65. Re4+ Kf5 66. Re1+ Kf6 67. Rxb1 Ke7 68. b5 Kd6 69. b6 Kc6 70. b7 Kd7 71. b8=Q Kc6 72.
Rb6+ Kd7 73. Rd6+ Ke7 74. Qd8+ Kf7 75. Rf6+ Kg7 76. Qf8# 1-0

[Event "*** Titled Tuesday Blitz"]
[Site "Chess.com"]
[Date "2020.11.03"]
[Round "9"]
[White "Sueetin"]
[Black "TokChess"]
[Result "1/2-1/2"]
[WhiteElo "2320"]
[BlackElo "2455"]
[TimeControl "180+1"]
[EndTime "11:50:21 PST"]
[Termination "Game drawn by repetition"]

1. d4 d5 2. c4 c6 3. cxd5 cxd5 4. Bf4 Nf6 5. e3 a6 6. Nc3 Nc6 7. Bd3 Bg4 8. Nge2 e6 9. O-O Bd6 10. Bxd6 Qxd6 11. Rc1 O-O 12. a3 Rfc8 13. Na4 Nd7 14. Qd2 Bxe2 15. Bxe2 Ne7 16. h3 b5 17. Nc3 Nb6 18. Bd3 Rc6 19. e4 dxe4 20. Bxe4 Ned5 21.
Nxd5 Nxd5 22. Rxc6 Qxc6 23. Rc1 Qd6 24. Rc5 Re8 25. Bxd5 exd5 26. g3 g6 27. Kg2 Re4 28. Qh6 Re8 29. Qg5 Rd8 30. h4 h5 31. b4 Qd7 32.
Qe5 Qd6 33. Qxd6 Rxd6 34. Kf3 Kg7 35. Kf4 Kf6 36. f3 Ke6 37. g4 hxg4 38. fxg4 Kf6 39. h5 gxh5 40. gxh5 Ke6 41. Kg5 Rb6 42. Rc8 Kd7 43.
Ra8 Re6 44. h6 Re1 45. Ra7+ Ke8 46. Rxa6 Rg1+ 47. Kf5 Rf1+ 48. Ke5 Rh1 49. Kxd5 Rh5+ 50. Kc6 Ke7 51. Ra7+ Ke6 52. d5+ Rxd5 53. Re7+ Kxe7 54.
Kxd5 Kf6 55. Kc5 Kg6 56. Kxb5 f5 57. Kc4 Kxh6 58. Kd4 Kg5 59. Ke3 Kg4 60. a4 Kg3 61.
Ke2 Kg2 62. Ke3 Kg3 63. Ke2 Kg2 64. Ke3 Kg3 1/2-1/2

[Event "*** Titled Tuesday Blitz"]
[Site "Chess.com"]
[Date "2020.11.03"]
[Round "9"]
[White "dpopadic"]
[Black "Grandmaster1369"]
[Result "1/2-1/2"]
[WhiteElo "2399"]
[BlackElo "2306"]
[TimeControl "180+1"]
[EndTime "11:50:23 PST"]
[Termination "Game drawn by repetition"]

1. e4 c5 2. Nc3 Nc6 3. f4 g6 4. Nf3 Bg7 5. Bc4 d6 6. d3 e6 7.
O-O Nge7 8. Qe1 O-O 9. f5 gxf5 10. Qh4 fxe4 11. dxe4 Ng6 12. Qh5 Nd4 13. Nxd4 Bxd4+ 14. Kh1 Qh4 15. Qxh4 Nxh4 16. Nb5 Be5 17. Bf4 Ng6 18. Bxe5 Nxe5 19. Be2 Bd7 20. Nxd6 Bc6 21. Rad1 Rad8 22. Rd2 Rd7 23. Rfd1 Rfd8 24. Kg1 Kf8 25.
Kf2 Ke7 26. Nc4 Nxc4 27. Rxd7+ Rxd7 28. Rxd7+ Kxd7 29. Bxc4 Bxe4 30. c3 Kc6 31. g3 b5 32.
Be2 c4 33. a3 Kd5 34. Ke3 Ke5 35. Bh5 f5 36. Be8 a6 37. Bd7 Bb7 38. h4 Kf6 39. Be8 Ke7 40. Bh5 e5 41. Bd1 Bc6 42. Bc2 Ke6 43. Bd1 h6 44. Be2 Be4 45. Bf1 Bd5 46. Bh3 Kf6 47. Bf1 Bc6 48. Be2 Ke6 49. Bh5 Kd6 50. Bg6 Bd7 51. Bh5 Kc5 52. Bd1 a5 53. Bc2 b4 54. axb4+ axb4 55. Bb1 bxc3 56. bxc3 Kb5 57. Bc2 Be6 58. Kf3 Bd5+ 59. Ke3 Be6 60.
Kf3 Kc5 61. Ke3 Bd7 62. Bb1 Kb5 63. Bc2 Be6 1/2-1/2

[Event "*** Titled Tuesday Blitz"]
[Site "Chess.com"]
[Date "2020.11.03"]
[Round "9"]
[White "Gabrielian_Artur"]
[Black "Shield12"]
[Result "1/2-1/2"]
[WhiteElo "2800"]
[BlackElo "2906"]
[TimeControl "180+1"]
[EndTime "11:50:25 PST"]
[Termination "Game drawn - insufficient material"]

1. e4 e5 2. Nc3 Nf6 3. g3 Bc5 4. Bg2 c6 5. Nf3 d5 6. O-O dxe4 7. Ng5 Bg4 8. Qe1 O-O 9. Ngxe4 Bb6 10. Nxf6+ Qxf6 11. d3 Nd7 12. Be3 Rfe8 13. Qd2 h6 14. Rae1 Rad8 15.
Ne4 Qg6 16. Bxb6 axb6 17. f4 exf4 18. Qxf4 Nc5 19. Nxc5 bxc5 20. Qc7 Bc8 21. Be4 f5 22.
Bg2 Qf7 23. Qxf7+ Kxf7 24. Kf2 Be6 25. a3 c4 26. Re3 cxd3 27. cxd3 Kf6 28. Rfe1 Bf7 29.
Rxe8 Bxe8 30. Ke3 Bf7 31. Rc1 g5 32. Rc5 Bg6 33. d4 Bf7 34. b4 Ra8 35. Rc3 Re8+ 36. Kf2 Rd8 37. Ke3 Rd7 38. Rc5 Re7+ 39. Kf2 Bh5 40. Bf1 Rd7 41. Ke3 Re7+ 42. Kf2 Bf7 43. a4 Rd7 44. Ke3 Re7+ 45. Kf2 Rd7 46. Ke3 f4+ 47.
gxf4 gxf4+ 48. Kxf4 Rxd4+ 49. Kg3 Rxb4 50. a5 Rb1 51.
Bg2 Rb3+ 52. Kf4 Rb4+ 53. Kg3 Ra4 54. Bf3 Ra3 55. Kf4 Ra4+ 56. Kg3 Ke7 57. h4 Ra3 58. Kf4 Ra4+ 59. Ke5 Rxh4 60. a6 bxa6 61. Rxc6 Ra4 62. Rc7+ Kf8 63. Bc6 Rc4 64. Rxf7+ Kxf7 65. Bd5+ Kg6 66. Bxc4 Kg5 67. Bxa6 h5 68. Bc8 h4 69.
Bh3 Kg6 70. Kf4 Kg7 71. Kg5 Kg8 72. Kxh4 1/2-1/2

[Event "*** Titled Tuesday Blitz"]
[Site "Chess.com"]
[Date "2020.11.03"]
[Round "9"]
[White "Orest_Vovk"]
[Black "Vuk2000"]
[Result "0-1"]
[WhiteElo "2446"]
[BlackElo "2636"]
[TimeControl "180+1"]
[EndTime "11:50:29 PST"]
[Termination "Vuk2000 won by resignation"]

1. g4 d5 2. Bg2 c6 3. h3 e6 4. d4 Bd6 5. Nc3 f5 6. Nf3 Nf6 7. Bg5 h6 8. Bxf6 Qxf6 9. Qd2 Nd7 10. g5 hxg5 11. Qxg5 Nb6 12. Qxf6 gxf6 13. O-O-O a5 14. a4 Bd7 15. h4 Kf7 16. Nd2 c5 17. Nb3 c4 18.
Nc5 Bxc5 19. dxc5 Nxa4 20. Nxd5 exd5 21. Bxd5+ Ke7 22. Bxb7 Ra7 23. c6 Be6 24. Rh3 Nc5 25. Re3 Rxh4 26. c7 Re4 27. Rxe4 Nxe4 28. c8=Q Bxc8 29.
Bxc8 Nd6 30. Rd5 Nxc8 31. Rxf5 Nd6 32. Rc5 a4 33. f3 a3 34. bxa3 Rxa3 35. Kd2 Ke6 36. Ke1 Ra2 37. Kd2 Ra3 38. Ke1 Ra1+ 39. Kd2 Rh1 40. Kc3 Rh2 41. Kd2 Rh4 42. Ke3 Nf5+ 43. Kd2 Ne7 44. e4 Rh3 45. Ke3 Ng6 46.
Rxc4 Rxf3+ 47. Ke2 Ne5 48. Rc5 Rh3 49. Ra5 Rh2+ 50.
Kd1 Rd2+ 51. Kc1 Re2 52. Ra6+ Kf7 53. Ra4 Nf3 54. Kb2 Ng5 55. Ra7+ Kg6 56. e5 Rxe5 57. c4 Ne4 58. Kb3 f5 59. Kb4 f4 60. Ra3 Kf5 61. Ra8 f3 62. Rf8+ Kg4 63. c5 Rxc5 64.
Rg8+ Kf4 65. Rf8+ Rf5 66. Re8 f2 0-1

[Event "*** Titled Tuesday Blitz"]
[Site "Chess.com"]
[Date "2020.11.03"]
[Round "9"]
[White "Promacherr"]
[Black "Lion-Al-Messi"]
[Result "1-0"]
[WhiteElo "2704"]
[BlackElo "2555"]
[TimeControl "180+1"]
[EndTime "11:50:32 PST"]
[Termination "Promacherr won by resignation"]

1. e4 b6 2. d4 Bb7 3. Bd3 e6 4. Nf3 c5 5. c3 Nf6 6. e5 Nd5 7. O-O cxd4 8. cxd4 Nc6 9. Nc3 Ncb4 10. Bb1 Rc8 11. Ne4 Be7 12. a3 Nc6 13. Bg5 O-O 14.
Bxe7 Qxe7 15. Nd6 Rc7 16. Qd3 f5 17. exf6 Nxf6 18. Nxb7 Rxb7 19. Ne5 Rc7 20. Ng4 Kh8 21. Nxf6 gxf6 22. Re1 Rg8 23. Qe3 Qg7 24. Be4 Ne7 25.
g3 f5 26. Bf3 Ng6 27. Rac1 f4 28. Qe4 Rxc1 29. Rxc1 fxg3 30. hxg3 Rf8 31. Bg2 Qf6 32. Qe3 Ne7 33. Rc7 Nf5 34. Qe5 Nxd4 35. Qxf6+ Rxf6 36. Rxd7 Ne2+ 37. Kf1 Nxg3+ 38. Ke1 Nf5 39. Rxa7 h5 40. Rb7 e5 41. b4 h4 42. a4 Nd4 43. Be4 Rh6 44.
Kf1 h3 45. a5 bxa5 46. bxa5 h2 47. Bh1 Rg6 48. Bg2 Rh6 49. Bh1 Rg6 50. Bg2 e4 51.
Rb8+ Kg7 52. Rb7+ Kf8 53. Rb6 Rg5 54. a6 Ra5 55. Bh1 Ke7 56. Rb7+ Kd6 57. a7 Ke5 58. Re7+ Ne6 59. Kg2 Kf6 60. Rb7 Nf4+ 61. Kxh2 Rh5+ 62. Kg3 Ne2+ 63. Kg4 Rg5+ 64. Kh3 Ra5 65. Bxe4 Ra3+ 66. f3 Ke5 67. Rb5+ Kf4 68. a8=Q Ng1+ 69. Kg2 1-0

[Event "*** Titled Tuesday Blitz"]
[Site "Chess.com"]
[Date "2020.11.03"]
[Round "9"]
[White "German_Bazeev"]
[Black "boasovietica"]
[Result "0-1"]
[WhiteElo "2729"]
[BlackElo "2569"]
[TimeControl "180+1"]
[EndTime "11:50:33 PST"]
[Termination "boasovietica won on time"]

1. d4 Nf6 2. Nf3 g6 3. c4 Bg7 4. Nc3 O-O 5. Bg5 d6 6. e3 c5 7.
Be2 Nc6 8. O-O Bg4 9. d5 Na5 10. Nd2 Bxe2 11. Qxe2 a6 12. Rac1 Rb8 13. e4 Nd7 14. f4 b5 15. e5 dxe5 16. f5 Nxc4 17. Nxc4 bxc4 18. d6 Nf6 19. dxe7 Qxe7 20. Ne4 h6 21.
Bxf6 Bxf6 22. fxg6 fxg6 23. Qxc4+ Kg7 24. Qxc5 Qxc5+ 25. Rxc5 Rf7 26. Nxf6 Rxb2 27. Ne4 Rxf1+ 28. Kxf1 Rxa2 29.
Rc7+ Kf8 30. Nc5 a5 31. Ne6+ Ke8 32. Ra7 a4 33. Nc7+ Kd7 34. Nd5+ Kd6 35. Nc3 Ra1+ 36.
Ke2 a3 37. Rxa3 Rxa3 38. Nb5+ Kd5 39. Nxa3 Ke4 40. Nc2 Kf4 41. Kf2 h5 42. Ne3 h4 43.
h3 g5 44. Ng4 e4 45. Ne3 Ke5 46. Nd1 Kf4 47. Kf1 g4 48. hxg4 Kxg4 49. Nf2+ Kf4 50. Nh3+ Kg3 51. Ng1 e3 52. Ne2+ Kh2 53. Nf4 Kg3 54.
Nh5+ Kg4 55. Nf6+ Kg3 56. Ne4+ Kf4 57. Nc3 Kg3 58. Ne2+ Kh2 59. Nd4 h3 60. g4 Kg3 61.
g5 h2 62. Nf5+ Kf4 63. Kg2 Kxf5 64. g6 Kxg6 0-1

[Event "*** Titled Tuesday Blitz"]
[Site "Chess.com"]
[Date "2020.11.03"]
[Round "9"]
[White "geordie_derraugh"]
[Black "Witik"]
[Result "0-1"]
[WhiteElo "2425"]
[BlackElo "2615"]
[TimeControl "180+1"]
[EndTime "11:50:33 PST"]
[Termination "Witik won on time"]

1. e4 c5 2. Nf3 Nc6 3. Bb5 e6 4. Bxc6 bxc6 5. O-O Ne7 6. Re1 Ng6 7. d4 cxd4 8. Qxd4 Qb6 9. Be3 Qxd4 10. Bxd4 f6 11. e5 c5 12. Bc3 Bb7 13. Nbd2 Kf7 14.
Rad1 Bd5 15. b3 Be7 16. Bb2 Rhf8 17. c4 Bc6 18. Ne4 Kg8 19. Ba3 fxe5 20. Nxc5 Bxf3 21.
gxf3 Nh4 22. Re3 Nxf3+ 23. Kg2 Nh4+ 24. Kg1 Nf5 25. Rxe5 d6 26. Rxf5 exf5 27. Nb7 Rf6 28.
Nxd6 Re6 29. Kf1 a5 30. c5 Ra6 31. Nc4 Rec6 32. Rd5 g6 33. Ne5 Re6 34. f4 h6 35. Bb2 g5 36. c6 Raxc6 37. Nxc6 Rxc6 38. Rxf5 Rc2 39. Be5 Rxa2 40. fxg5 hxg5 41. Bd4 Rxh2 42. Rxa5 Rc2 43. Be3 g4 44. Bg5 Bd6 45. Bh4 Kf7 46. Rg5 Rc3 47. Rxg4 Rxb3 48. Rd4 Ke6 49. Ke2 Be5 50. Ra4 Kf5 51. Bf2 Rb2+ 52. Kf3 Rb3+ 53. Be3 Bf6 54. Rf4+ Ke6 55. Re4+ Kd5 56. Rf4 Be5 57.
Rh4 Bc3 58. Rh5+ Kc4 59. Rc5+ Kb4 60. Rc8 Kb5 61. Ke4 Bb4 62. Bd4 Rb1 63. Kd5 Rd1 64.
Rb8+ Ka4 65. Kc4 Rc1+ 66. Kd3 Rd1+ 67. Ke4 Kb3 68. Bc5 Kc4 69. Bxb4 Rb1 0-1

[Event "*** Titled Tuesday Blitz"]
[Site "Chess.com"]
[Date "2020.11.03"]
[Round "9"]
[White "CaspiIsrael"]
[Black "AryanTari"]
[Result "0-1"]
[WhiteElo "2606"]
[BlackElo "2880"]
[TimeControl "180+1"]
[EndTime "11:50:37 PST"]
[Termination "AryanTari won by checkmate"]

1. e4 c6 2. d3 d5 3. Nd2 Qc7 4. Ngf3 e5 5. g3 Nf6 6. Bg2 dxe4 7. dxe4 Bc5 8. O-O O-O 9. c3 a5 10. a4 h6 11. Qc2 Nbd7 12. h3 Re8 13. Nc4 Nf8 14. Rb1 b5 15. axb5 cxb5 16. Ncxe5 Rxe5 17. Nxe5 Qxe5 18. Bf4 Qe6 19. e5 Nd5 20. Qb3 Bb7 21.
Qxb5 Nxf4 22. Qxb7 Ne2+ 23. Kh2 Rd8 24. Qe4 Rd2 25.
Rbe1 f5 26. exf6 Qxe4 27. Bxe4 Rxb2 28. Bd5+ Kh8 29. fxg7+ Kxg7 30. c4 a4 31. Kg2 a3 32.
Ra1 Nd7 33. Rfe1 Ne5 34. Red1 Nc3 35. Rf1 Nd3 36. h4 Nxf2 37. Kf3 Nd3 38. Kg4 Ne5+ 39. Kf5 Re2 40. Rae1 Rxe1 41. Rxe1 Nd3 42. Ra1 a2 43. g4 Nb4 44. g5 hxg5 45. hxg5 Nc2 46. Rxa2 Nxa2 47.
Be4 Ne3+ 48. Ke6 Nb4 49. Bd5 Nbxd5 50. cxd5 Nc4 51. Kd7 Nd6 52. Kc6 Ba3 53. Kd7 Kg6 54. Ke6 Kxg5 55. Kd7 Kf5 56. Kc6 Ke5 57. Kd7 Kxd5 58.
Kc7 Bc5 59. Kd7 Ne4 60. Kc7 Bd6+ 61. Kd7 Nf6+ 62. Kd8 Kc6 63. Kc8 Nd5 64. Kd8 Bc7+ 65. Ke8 Kd6 66. Kf7 Ke5 67. Kg6 Bb6 68. Kf7 Kf5 69. Ke8 Ke6 70. Kf8 Ne7 71. Ke8 Bc7 72. Kf8 Nf5 73. Ke8 Ng7+ 74. Kf8 Kf6 75. Kg8 Kg6 76. Kf8 Bd6+ 77. Kg8 Nf5 78. Kh8 Bf8 79. Kg8 Bh6 80. Kh8 Bg7+ 81. Kg8 Nh6# 0-1